 Dungeon Crawl Stone Soup version 0.31-a0-1144-g99969ba1bc (webtiles) character file.

Game seed: 17170689086923844158

221891 night the Destroyer (level 17, -11/122 (144) HPs)
             Began as a Demigod Earth Elementalist on Dec 5, 2023.
             Mangled by a spark wasp (14 damage)
             ... on level 4 of the Spider Nest on Dec 6, 2023.
             The game lasted 03:18:36 (50816 turns).

night the Destroyer (Demigod Earth Elementalist)   Turns: 50816, Time: 03:18:37

HP:   -11/122 (144) AC: 10    Str: 17 (21) XL:     17   Next: 88%
MP:   22/37         EV: 17    Int: 33 (39) God:
Gold: 3081          SH: 11    Dex:  9 (14) Spells: 10/38 levels left

rFire   + + .        Y - +8 mithril axe "Arga" {speed, Will+}
rCold   . . .        M - +0 kite shield {reflect}
rNeg    . . .        d - +1 leather armour "Monun" {rF++ Will+ SInv}
rPois   +            J - +2 hat
rElec   .            O - scarf "Lewad" {+Inv, rPois Str+3 Int+2}
rCorr   .            s - +1 pair of gloves
SInv    +            R - +0 pair of boots
Will    ++++.        f - amulet of Inociwn {RegenMP Will+ Str+3}
Stlth   +            x - +5 ring of evasion
HPRegen 0.40/turn    G - +6 ring of strength
MPRegen 0.65/turn

%: reflection
@: heavily drained
A: high MP 1, forlorn, divine attributes
}: 1/15 runes: barnacled
a: Evoke Invisibility


You were on level 4 of the Spider Nest.
You visited 7 branches of the dungeon, and saw 32 of its levels.
You also visited: Sewer, Ossuary and Gauntlet.

You collected 3283 gold pieces.
You spent 202 gold pieces at shops.

Inventory:

Hand Weapons
 Y - the +8 mithril axe "Arga" (weapon) {speed, Will+}
   (You found it in a Gauntlet)

   Will+:     It increases your willpower.
Missiles
 K - 2 curare-tipped darts
Armour
 d - the +1 leather armour "Monun" (worn) {rF++ Will+ SInv}
   (You found it on level 4 of the Shoals)

   rF++:      It greatly protects you from fire.
   Will+:     It increases your willpower.
   SInv:      It lets you see invisible.
 s - a +1 pair of gloves (worn)
 v - the +8 scale mail of the Mpinguari {Str+6}
   (You found it on level 13 of the Dungeon)

   Str+6:     It affects your strength (+6).
 J - a +2 hat (worn)
 M - a +0 kite shield of reflection (worn)
 O - the scarf "Lewad" (worn) {+Inv, rPois Str+3 Int+2}
   (You acquired it on level 2 of the Spider Nest)

   Str+3:     It affects your strength (+3).
   Int+2:     It affects your intelligence (+2).
   rPois:     It protects you from poison
 R - a +0 pair of boots (worn)
 X - a +1 cloak of stealth
Jewellery
 e - a ring of resist corrosion
 f - the amulet of Inociwn (around neck) {RegenMP Will+ Str+3}
   (You found it in a Gauntlet)

   [amulet of magic regeneration]

   RegenMP:   It increases your rate of magic regeneration.
   Str+3:     It affects your strength (+3).
   Will+:     It increases your willpower.
 h - a ring of poison resistance
 n - a +4 ring of protection
 p - a +6 ring of intelligence
 x - a +5 ring of evasion (left hand)
 B - a ring of protection from cold
 G - a +6 ring of strength (right hand)
 I - a ring of protection from cold
 V - a +4 ring of protection
Wands
 c - a wand of iceblast (25)
 i - a wand of polymorph (31)
 q - a wand of quicksilver (8)
 S - a wand of mindburst (27)
 U - a wand of flame (35)
 W - a wand of digging (17)
Scrolls
 l - 17 scrolls of identify
 t - 7 scrolls of fog
 w - a scroll of summoning
 y - 2 scrolls of fear
 D - a scroll of blinking
 F - 2 scrolls of silence
 N - a scroll of enchant armour
 P - 3 scrolls of noise
 Z - 4 scrolls of teleportation
Potions
 b - 6 potions of magic
 g - 14 potions of curing
 j - 4 potions of brilliance
 m - 5 potions of attraction
 o - 2 potions of invisibility
 r - 7 potions of ambrosia
 u - 7 potions of might
 C - a potion of cancellation
 E - 7 potions of lignification
 H - 2 potions of berserk rage
 L - 10 potions of enlightenment
Miscellaneous
 a - a condenser vane
 k - a sack of spiders
 T - a phantom mirror


   Skills:
 + Level 11.0 Fighting
 - Level 10.1 Axes
 - Level 6.2 Staves
 + Level 7.9 Armour
 - Level 6.5 Dodging
 - Level 1.7 Stealth
 + Level 11.3 Shields
 - Level 11.3 Spellcasting
 + Level 13.2 Conjurations
 + Level 9.3 Summonings
 - Level 0.8 Transmutations
 - Level 3.0 Ice Magic
 - Level 3.0 Air Magic
 - Level 11.8 Earth Magic
 - Level 3.7 Evocations


You had 10 spell levels left.
You knew the following spells:

 Your Spells              Type           Power      Damage    Failure   Level
a - Sandblast             Erth           100%       2d20      1%          1
b - Stone Arrow           Conj/Erth      100%       3d13      1%          3
c - Brom's Barrelling Bo  Conj/Erth      79%        2d9       1%          4
d - Bombard               Conj/Erth      39%        9d7       4%          6
f - Freezing Cloud        Conj/Ice/Air   28%        6-21      12%         5
g - Spellforged Servitor  Conj/Summ      37%        N/A       43%         7
z - Blink                 Tloc           36%        N/A       9%          2

Your spell library contained the following spells:

 Spells                   Type           Power      Damage    Failure   Level
 Foxfire                  Conj/Fire      100%       2x1d9     1%          1
 Kiss of Death            Conj/Necr      100%       2d13      1%          1
 Summon Small Mammal      Summ           100%       N/A       1%          1
 Passwall                 Tmut/Erth      47%        N/A       1%          2
 Mephitic Cloud           Conj/Pois/Air  53%        N/A       1%          3
 Animate Armour           Summ/Erth      100%       N/A       1%          4
 Iskenderun's Battlesphe  Conj           82%        2d13      1%          5
 Lee's Rapid Deconstruct  Erth           38%        3d19*     1%          5
 Flame Wave               Conj/Fire      58%        2d14      3%          4
 Sticky Flame             Conj/Fire      58%        2d7       3%          4
 Sting                    Tmut/Pois      84%        1d7       4%          1
 Poisonous Vapours        Pois/Air       56%        N/A       4%          2
 Leda's Liquefaction      Hex/Erth       27%        N/A       4%          4
 Petrify                  Tmut/Erth      57%        N/A       4%          4
 Apportation              Tloc           36%        N/A       6%          1
 Necrotise                Necr           72%        1d7       6%          1
 Cigotuvi's Dreadful Rot  Necr/Pois/Air  50%        N/A       6%          2
 Jinxbite                 Hex            36%        N/A       9%          2
 Confusing Touch          Hex            18%        N/A       17%         3
 Inner Flame              Hex/Fire       18%        N/A       17%         3
 Teleport Other           Tloc           18%        N/A       17%         3
 Vampiric Draining        Necr           18%        2d7       17%         3
 Animate Dead             Necr           18%        N/A       50%         4
 Dispel Undead            Necr           18%        3d11      50%         4
 Manifold Assault         Tloc           18%        N/A       50%         4
 Starburst                Conj/Fire      29%        6d9       50%         6
 Alistair's Intoxication  Tmut/Pois      14%        N/A       78%         5
 Agony                    Necr           18%        N/A       85%         5
 Lehudib's Crystal Spear  Conj/Erth      39%        10d10     91%         8
 Plasma Beam              Fire/Air       14%        2x1d25    99%         6
 Simulacrum               Ice/Necr       14%        N/A       99%         6
 Haunt                    Necr/Summ      24%        N/A       100%        7
 Ozocubu's Refrigeration  Ice            19%        4d11      100%        7
 Infestation              Necr           9%         N/A       100%        8
 Polar Vortex             Ice            19%        12d2*     100%        9


Dungeon Overview and Level Annotations

Branches:
Dungeon (15/15)            Temple (1/1) D:4            Lair (5/5) D:11
 Shoals (4/4) Lair:3       Spider (4/4) Lair:3        Slime (0/5) Lair:4
    Orc (2/2) D:10            Elf (1/3) Orc:2        Vaults (0/5) D:13
 Depths (0/4) D:15          Sewer (visited)         Ossuary (visited)
Gauntlet (visited)

Shops:
D:5 *   D:8 (   Orc:2 ?=[*(   Shoals:4 =

Annotations:
D:14 exclusion: oklob plant
Spider:2 2 transporters, exclusion: orange crystal statue


Innate Abilities, Weirdness & Mutations

You have an increased reservoir of magic. (+10% MP)
You shall have no god before yourself.
Your divine heritage dramatically boosts your attributes as you level up.


Message History

Casting: Stone Arrow (safe; 1% risk of failure)
Confirm with . or Enter, or press ? or * to list all spells.
Aiming: Stone Arrow (safe; 1% risk of failure)
Press: ? - help, Shift-Dir - straight line, f/p - spark wasp
Aim: a spark wasp (moderately wounded, 66% to hit)
The stone arrow hits the spark wasp!
The spark wasp is heavily wounded.
The spark wasp stings you! The spark wasp shocks you!
The spark wasp stings you!! The spark wasp shocks you!
Casting: Stone Arrow (safe; 1% risk of failure)
Confirm with . or Enter, or press ? or * to list all spells.
Aiming: Stone Arrow (safe; 1% risk of failure)
Press: ? - help, Shift-Dir - straight line, f/p - spark wasp
Aim: a spark wasp (heavily wounded, 66% to hit)
The stone arrow misses the spark wasp.
The spark wasp stings you but does no damage.
Casting: Stone Arrow (safe; 1% risk of failure)
Confirm with . or Enter, or press ? or * to list all spells.
Aiming: Sandblast (safe; 1% risk of failure)
Press: ? - help, Shift-Dir - straight line, f/p - spark wasp
Aim: a spark wasp (heavily wounded, 78% to hit)
The blast of sand hits the spark wasp.
The spark wasp is heavily wounded.
The spark wasp stings you. The spark wasp shocks you!
You block the spark wasp's attack.
Casting: Sandblast (safe; 1% risk of failure)
Confirm with . or Enter, or press ? or * to list all spells.
Aiming: Sandblast (safe; 1% risk of failure)
Press: ? - help, Shift-Dir - straight line, f/p - spark wasp
Aim: a spark wasp (heavily wounded, 78% to hit)
The blast of sand hits the spark wasp!
The spark wasp is severely wounded.
The spark wasp stings you!
* * * LOW HITPOINT WARNING * * *
The spark wasp shocks you!
* * * LOW HITPOINT WARNING * * *
The spark wasp stings you!!
* * * LOW HITPOINT WARNING * * *
The spark wasp shocks you!
You die...

##~..# *#~~....#~~#
#####..~##*#.~#~...~~~#
#..###..###...###...~##
##..# #...###^.# ##....##
#...####....#######.....#
#....# ##....# #φ###.^..##
#....# ##....###.# ###...#
.....###.##..~##'######..#
.#...'.^.##...##@y..##...#
##...'^^..~..~##....##..~###
##.(.'.......###^..#####..~#
.#...###....~###.^#'^.##~.~#
#....# ##....)##![#'.......#
#....# ##.~.~##...##....^##
^...## ###.~##...[####..#
....# ##^[~##..!.* ##.##
.#..# ###...##########^.#


You could see a spark wasp.

Vanquished Creatures
  Mara (Shoals:3)
  2 krakens (Shoals:4)
  Kirke (Shoals:3)
  Donald (Shoals:4)
  4 emperor scorpions
  Louise (Shoals:2)
  3 ghost moths (Spider:4)
  A formless jellyfish (Shoals:3)
  An ironbound preserver (D:13)
  3 apis
  Azrael (Orc:2)
  A minotaur (Gauntlet)
  Snorg (Orc:1)
  A spark wasp (Spider:4)
  4 merfolk javelineers (Shoals:4)
  13 merfolk impalers
  An ettin (Orc:2)
  2 entropy weavers (Spider:3)
  An entropy weaver (shapeshifter) (D:13)
  2 great orbs of eyes
  Erolcha (D:11)
  3 catoblepae (Lair:5)
  11 hydras
  3 ogre magi
  4 centaur warriors
  8 merfolk aquamancers
  An alligator snapping turtle (Shoals:4)
  A dancing weapon (Elf:1)
  A merfolk avatar (Shoals:4)
  3 radroaches (Spider:2)
  A satyr (Shoals:3)
  8 death yaks (Lair:5)
  16 two-headed ogres
  4 boulder beetles
  5 demonic crawlers
  Sonja (Lair:4)
  A fire crab (Gauntlet)
  5 pharaoh ants
  9 sea snakes
  5 skysharks
  13 orb spiders
  2 deep trolls (Orc:2)
  8 steelbarb worms
  16 harpies
  A deep elf archer (Elf:1)
  A wolf spider zombie (D:14)
  3 necromancers (D:14)
  2 orc knights
  2 deep elf pyromancers
  17 wolf spiders
  12 fauns
  19 ugly things
  15 cyclopes
  12 manticores
  15 elephants
  A moth of wrath (Spider:4)
  7 merfolk sirens
  5 black mambas
  6 water nymphs
  An eye of devastation (Lair:4)
  5 torpor snails
  A gargoyle (D:13)
  Maggie (D:7)
  9 cane toads
  A kobold demonologist (D:13)
  4 rime drakes
  4 freezing wraiths
  11 komodo dragons
  3 centaur skeletons (D:14)
  An efreet (D:13)
  33 merfolk
  A queen bee (Spider:4)
  13 trolls
  10 meliai
  4 polar bears
  A merfolk (shapeshifter) (D:15)
  6 wind drakes
  17 blink frogs
  25 tarantellas
  4 hornets
  A glass eye (Lair:4)
  Prince Ribbit (D:5)
  4 snapping turtles
  3 harpy skeletons (D:14)
  14 dream sheep
  22 jumping spiders
  35 culicivoras
  11 slime creatures
  An air elemental (Elf:1)
  9 water elementals
  2 vampires
  A wraith (D:10)
  2 shadows (D:13)
  7 wyverns
  3 fire bats (Gauntlet)
  49 yaks
  A human (Shoals:3)
  A yak (shapeshifter) (D:15)
  Eustachio (D:5)
  4 basilisks
  3 fire elementals (Orc:2)
  3 hogs (Shoals:3)
  44 redbacks
  4 steam dragons
  6 wargs
  8 hell hounds
  14 water moccasins
  An acid dragon (D:11)
  Duvessa (D:6)
  15 orc warriors
  A sky beast (D:7)
  2 black bears
  3 ice beasts
  22 ogres
  A hornet zombie (D:14)
  8 centaurs
  11 wolves
  A phantom (Sewer)
  6 kobold brigands
  A necrophage (Sewer)
  An elf zombie (Ossuary)
  3 scorpions
  10 bullfrogs
  8 wights
  Dowan (D:6)
  11 killer bees
  An electric eel (Spider:1)
  5 centaur zombies
  A human zombie (Ossuary)
  5 hounds
  15 orc priests
  A gnoll bouda (D:8)
  10 jellies
  Terence (D:1)
  A sleepcap (D:6)
  Natasha (thrice) (D:2)
  27 orc wizards
  12 iguanas
  A boggart zombie (D:14)
  2 ogre zombies (Ossuary)
  7 mummies (Ossuary)
  8 gnolls
  12 adders
  4 shadow imps
  2 white imps
  11 ufetubi
  An adder zombie (Ossuary)
  2 worms (D:2)
  3 dart slugs
  67 orcs
  5 bats
  A bat zombie (Sewer)
  5 endoplasms
  13 giant cockroaches
  10 goblins
  9 hobgoblins
  51 kobolds
  4 quokkas
  5 ball pythons
  3 frilled lizards
  A giant cockroach zombie (Sewer)
  A gnoll zombie (Ossuary)
  6 goblin zombies (Ossuary)
  3 hobgoblin zombies (Ossuary)
  3 kobold zombies (Ossuary)
  2 orc zombies (Ossuary)
  2 quokka zombies (Ossuary)
  7 rats
  5 rat zombies (Ossuary)
  2 tentacles (Shoals:4)
1149 creatures vanquished.

Vanquished Creatures (collateral kills)
  2 demonic crawlers
  A wolf spider (Spider:4)
  A torpor snail (Spider:4)
  A culicivora (Spider:4)
  A jumping spider (Spider:4)
  A yak (Lair:5)
  A fire bat (Gauntlet)
  2 redbacks (Spider:4)
  A kobold brigand (D:9)
  2 orcs (D:10)
  2 kobolds (D:7)
  183 boulders
198 creatures vanquished.

Vanquished Creatures (others)
  A radroach (Spider:3)
  A tengu warrior (D:13)
  An orc warrior (Orc:2)
  170 boulders
  26 tentacles (Shoals:4)
199 creatures vanquished.

Grand Total: 1546 creatures vanquished

Notes
Turn   | Place    | Note
-------+----------+-------------------------------------------
     0 | D:1      | night the Demigod Earth Elementalist began the quest for
                  | the Orb.
     0 | D:1      | Reached XP level 1. HP: 14/14 MP: 5/5
   116 | D:1      | Reached skill level 2 in Spellcasting
   265 | D:1      | Reached XP level 2. HP: 20/20 MP: 4/7
   692 | D:1      | Noticed a shining eye
   729 | D:1      | Noticed a great orb of eyes
   729 | D:1      | Noticed an eye of devastation
   729 | D:1      | Noticed a glass eye
  1272 | D:2      | Reached XP level 3. HP: 16/26 MP: 9/9
  1276 | D:2      | Learned a level 3 spell: Stone Arrow
  1871 | D:2      | Identified the +1 ring mail of the Black Moon {Int+2
                  | Slay+3}
  1950 | D:2      | Noticed Terence
  1950 | D:2      | Noticed Natasha
  1964 | D:1      | Killed Terence
  1965 | D:1      | Reached skill level 1 in Conjurations
  1965 | D:1      | Reached XP level 4. HP: 11/33 MP: 0/11
  2185 | D:2      | Killed Natasha
  2281 | D:2      | Noticed Natasha
  2286 | D:2      | Killed Natasha
  2375 | D:2      | Noticed Natasha
  2378 | D:2      | Killed Natasha
  2379 | D:2      | Reached XP level 5. HP: 34/38 MP: 9/12
  2384 | D:2      | Learned a level 4 spell: Brom's Barrelling Boulder
  2435 | D:3      | Reached skill level 2 in Conjurations
  3019 | D:4      | Reached XP level 6. HP: 45/45 MP: 10/14
  3105 | D:4      | Found a glowing drain.
  3129 | D:4      | Reached skill level 3 in Conjurations
  3177 | Sewer    | Entered a sewer
  3444 | Sewer    | Reached skill level 5 in Earth Magic
  3497 | Sewer    | Reached XP level 7. HP: 45/50 MP: 8/16
  4192 | D:4      | Found a staircase to the Ecumenical Temple.
  4210 | Temple   | Entered the Ecumenical Temple
  4442 | D:5      | Entered Level 5 of the Dungeon
  4486 | D:5      | Reached skill level 4 in Conjurations
  4512 | D:5      | Noticed Eustachio
  4553 | D:5      | Killed Eustachio
  4726 | D:5      | Noticed Prince Ribbit
  4753 | D:5      | Killed Prince Ribbit
  4754 | D:5      | Reached skill level 5 in Spellcasting
  4754 | D:5      | Reached XP level 8. HP: 57/57 MP: 8/19
  4900 | D:5      | Found Plog's Lightly-Used Armoury.
  5193 | D:5      | Reached skill level 5 in Conjurations
  5538 | D:6      | Noticed Duvessa
  5579 | D:6      | Noticed Dowan
  5579 | D:6      | Found a sand-covered staircase.
  5590 | D:6      | Killed Dowan
  5594 | Ossuary  | Entered an ossuary
  6935 | D:6      | Killed Duvessa
  7285 | D:6      | Reached skill level 6 in Conjurations
  7422 | D:6      | Reached XP level 9. HP: 62/62 MP: 14/22
  8084 | D:7      | Noticed Maggie
  8119 | D:7      | Killed Maggie
  8120 | D:7      | Reached skill level 7 in Conjurations
  8189 | D:7      | HP: 9/60 [kobold brigand/+0 dagger (5)]
  8859 | D:8      | Found Ehivas's Weapon Emporium.
  9636 | D:8      | Noticed a two-headed ogre
  9648 | D:8      | Killed a two-headed ogre
  9649 | D:8      | Reached skill level 1 in Fighting
  9649 | D:8      | Reached skill level 1 in Staves
  9649 | D:8      | Reached skill level 2 in Dodging
  9649 | D:8      | Reached XP level 10. HP: 72/72 MP: 18/25
 10016 | D:8      | Reached skill level 2 in Fighting
 10090 | D:8      | Reached skill level 2 in Staves
 10312 | D:9      | Identified the +0 leather armour of Ywimp {Drain Will++
                  | rCorr}
 10344 | D:9      | Noticed a two-headed ogre
 10351 | D:9      | Killed a two-headed ogre
 10352 | D:9      | Reached skill level 8 in Conjurations
 11335 | D:10     | Entered Level 10 of the Dungeon
 11407 | D:10     | Noticed a two-headed ogre
 11419 | D:10     | Killed a two-headed ogre
 11817 | D:10     | Found a staircase to the Orcish Mines.
 12503 | D:10     | Noticed a two-headed ogre
 12533 | D:10     | Killed a two-headed ogre
 12534 | D:10     | Reached XP level 11. HP: 84/84 MP: 5/26
 13263 | D:11     | Noticed Erolcha
 13278 | D:11     | Killed Erolcha
 13348 | D:11     | Found a staircase to the Lair.
 13374 | D:11     | Reached skill level 5 in Dodging
 13384 | D:11     | Reached skill level 9 in Conjurations
 14187 | D:11     | Noticed a two-headed ogre
 14200 | D:11     | Killed a two-headed ogre
 14325 | Lair:1   | Entered Level 1 of the Lair of Beasts
 14337 | Lair:1   | Reached skill level 1 in Evocations
 14423 | Lair:1   | Reached skill level 5 in Staves
 14453 | Lair:1   | Reached skill level 5 in Fighting
 14592 | Lair:1   | Reached skill level 2 in Evocations
 16094 | Lair:2   | Noticed a five-headed hydra
 16094 | Lair:2   | Found a gate leading to a gauntlet.
 16104 | Lair:1   | Learned a level 2 spell: Blink
 16178 | Lair:1   | Killed a five-headed hydra
 16418 | Gauntlet | Entered a Gauntlet
 16418 | Gauntlet | Found a transporter.
 16418 | Gauntlet | Found a transporter.
 16418 | Gauntlet | Found a runed translucent door.
 16421 | Gauntlet | Found a runed translucent door.
 16422 | Gauntlet | Noticed a fire crab
 16431 | Gauntlet | Found a transporter.
 16435 | Gauntlet | Found a transporter.
 16444 | Gauntlet | Found a transporter.
 16445 | Gauntlet | Found the +8 mithril axe "Arga" {speed, Will+}
 16447 | Gauntlet | Found a transporter.
 16454 | Gauntlet | Noticed a great orb of eyes
 16455 | Gauntlet | Found a transporter.
 16472 | Gauntlet | Found a transporter.
 16487 | Gauntlet | Found a transporter.
 16491 | Gauntlet | Found a transporter.
 16500 | Gauntlet | Found a transporter.
 16503 | Gauntlet | Found a transporter.
 16586 | Gauntlet | Killed a fire crab
 16589 | Gauntlet | Reached XP level 12. HP: 95/95 MP: 7/28
 16782 | Gauntlet | Identified the amulet of Inociwn {RegenMP Will+ Str+3}
 16796 | Gauntlet | Killed a great orb of eyes
 16941 | Gauntlet | Noticed a minotaur
 16984 | Gauntlet | Killed a minotaur
 17374 | Lair:2   | Noticed a five-headed hydra
 17377 | Lair:2   | Noticed a boulder beetle
 17387 | Lair:2   | Killed a five-headed hydra
 17407 | Lair:2   | Reached skill level 1 in Axes
 17407 | Lair:2   | Reached skill level 10 in Conjurations
 17674 | Lair:2   | Killed a boulder beetle
 17738 | Lair:2   | HP: 14/97 [poisoned by a cane toad]
 18025 | Lair:2   | Learned a level 5 spell: Freezing Cloud
 18045 | Lair:2   | Reached skill level 2 in Axes
 18278 | Lair:2   | Noticed a four-headed hydra
 18287 | Lair:2   | Killed a four-headed hydra
 18957 | Lair:2   | Noticed a seven-headed hydra
 18975 | Lair:2   | Killed a seven-headed hydra
 19435 | Lair:3   | Found a staircase to the Shoals.
 19480 | Lair:3   | Noticed an eight-headed hydra
 19489 | Lair:3   | Killed an eight-headed hydra
 19514 | Lair:3   | Reached XP level 13. HP: 105/105 MP: 23/30
 19975 | Lair:3   | Learned a level 6 spell: Bombard
 19983 | Lair:3   | Learned a level 7 spell: Spellforged Servitor
 20267 | Lair:3   | Found a hole to the Spider Nest.
 20412 | Lair:4   | Noticed Sonja
 20415 | Lair:4   | Killed Sonja
 20416 | Lair:4   | Reached skill level 10 in Earth Magic
 20503 | Lair:4   | Reached skill level 1 in Summonings
 20852 | Lair:4   | Reached skill level 1 in Shields
 20852 | Lair:4   | Reached skill level 2 in Summonings
 21122 | Lair:4   | Found a staircase to the Slime Pits.
 21613 | Lair:5   | Entered Level 5 of the Lair of Beasts
 21874 | Lair:5   | Reached skill level 11 in Conjurations
 21886 | Lair:5   | Reached skill level 2 in Shields
 22511 | Lair:5   | Reached skill level 5 in Axes
 22874 | Lair:5   | Reached XP level 14. HP: 114/115 MP: 12/32
 22960 | Lair:5   | Reached skill level 5 in Summonings
 25260 | D:13     | Got the Grimoire of the Fjord and the Panacea
 25340 | D:13     | Identified the +8 scale mail of the Mpinguari {Str+6}
 25513 | D:13     | Reached skill level 1 in Armour
 25631 | D:13     | Noticed an ironbound preserver
 25633 | D:13     | Reached skill level 2 in Armour
 25959 | D:13     | Killed an ironbound preserver
 26253 | D:13     | Found a gate to the Vaults.
 27994 | D:14     | Reached skill level 5 in Armour
 28677 | D:15     | Entered Level 15 of the Dungeon
 29393 | D:15     | Reached XP level 15. HP: 108/123 MP: 30/33
 30206 | D:15     | Found a staircase to the Depths.
 30542 | Orc:1    | Entered Level 1 of the Orcish Mines
 30712 | Orc:1    | Noticed Snorg
 30747 | Orc:1    | Killed Snorg
 30933 | Orc:2    | Entered Level 2 of the Orcish Mines
 31128 | Orc:2    | Noticed Azrael
 31224 | Orc:2    | Killed Azrael
 31667 | Orc:2    | Reached skill level 10 in Spellcasting
 32051 | Orc:2    | Found Auraduja's Alliterative Armaments.
 32401 | Orc:2    | Found Virahudd's Weapon Shop.
 32402 | Orc:2    | Found Kiuwaal's Jewellery Boutique.
 32406 | Orc:2    | Found Voubobb's Magic Scroll Emporium.
 32585 | Orc:2    | Found Miadulisch's Antique Armour Boutique.
 32594 | Orc:2    | Bought a runed cloak for 202 gold pieces
 32685 | Orc:2    | Found a staircase to the Elven Halls.
 33110 | Shoals:1 | Entered Level 1 of the Shoals
 33207 | Shoals:1 | Reached skill level 12 in Conjurations
 33772 | Shoals:1 | Reached skill level 1 in Ice Magic
 33772 | Shoals:1 | Reached skill level 1 in Air Magic
 34399 | Shoals:1 | Reached skill level 2 in Air Magic
 34480 | Shoals:1 | Reached skill level 2 in Ice Magic
 34640 | Shoals:1 | Upgraded the game from 0.31-a0-1134-gb247575874 to
                  | 0.31-a0-1144-g99969ba1bc
 35169 | Shoals:2 | Reached XP level 16. HP: 96/132 MP: 27/35
 35352 | Shoals:2 | Noticed Louise
 35411 | Shoals:2 | Killed Louise
 36124 | Shoals:3 | Noticed Kirke
 36133 | Shoals:3 | Killed Kirke
 36357 | Shoals:3 | Identified the +4 scale mail of Tartarus {rC+}
 36693 | Shoals:3 | Paralysed by a formless jellyfish for 1 turns
 36989 | Shoals:3 | Reached skill level 10 in Fighting
 37049 | Shoals:4 | Entered Level 4 of the Shoals
 37049 | Shoals:4 | Noticed Mara
 37870 | Shoals:3 | Noticed night's illusion
 37871 | Shoals:3 | Killed Mara
 38163 | Shoals:3 | HP: 16/134 [merfolk impaler/+7 trident of distortion (12)]
 38525 | Shoals:4 | Identified the +1 leather armour "Monun" {rF++ Will+ SInv}
 38623 | Shoals:4 | Noticed a kraken
 38636 | Shoals:4 | HP: 17/134 [merfolk impaler/+0 trident (18)]
 39986 | Shoals:4 | Killed a kraken
 40131 | Shoals:4 | Reached skill level 10 in Axes
 40145 | Shoals:4 | Got a barnacled rune of Zot
 40884 | Shoals:4 | Noticed a kraken
 40912 | Shoals:4 | Killed a kraken
 41031 | Shoals:4 | Got the Teachings on the Jaunt
 41039 | Shoals:4 | Noticed Donald
 41048 | Shoals:4 | Killed Donald
 41093 | Shoals:4 | Found Melakol's Jewellery Shoppe.
 42066 | Elf:1    | Entered Level 1 of the Elven Halls
 42146 | Elf:1    | Paralysed by an air elemental for 1 turns
 42164 | Elf:1    | HP: 5/136 [+3 dire flail of protection (21)]
 42642 | Spider:1 | Entered Level 1 of the Spider Nest
 42977 | Spider:1 | Reached skill level 5 in Shields
 43142 | Spider:1 | Reached XP level 17. HP: 141/141 MP: 31/37
 43850 | Spider:1 | HP: 16/141 [tarantella (11)]
 43851 | Spider:1 | HP: 5/141 [culicivora (6)]
 44692 | Spider:2 | Found a transporter.
 44847 | Spider:2 | Identified a scroll of acquirement
 44952 | Spider:2 | Acquired the scarf "Lewad" {+Inv, rPois Str+3 Int+2}
 45055 | Spider:2 | Found a transporter.
 45213 | Spider:2 | Identified the +4 orcbow "Edaocwoe" {freeze, rPois Dex+3}
 45908 | Spider:3 | Found the +8 Wrath of Trog {antimagic, *Rage Rampage}
 46408 | Spider:3 | Reached skill level 10 in Shields
 46547 | Spider:3 | Identified the +4 trident "Cill" {venom, MP+9}
 47201 | Spider:3 | Identified the -2 helmet of Ferocious Happiness {Harm
                  | Rampage Regen+ rCorr}
 47479 | Spider:4 | Entered Level 4 of the Spider Nest
 48387 | Spider:4 | Reached skill level 13 in Conjurations
 49567 | Spider:4 | HP: 15/119 [something (6)]
 50303 | Spider:4 | HP: 15/119 [spark wasp (12)]
 50816 | Spider:4 | HP: 3/122 [spark wasp (20)]
 50816 | Spider:4 | Mangled by a spark wasp

Illustrated notes

Levels and vault maps discovered:
D:1:      elethiomel_arrival_maze, layout_loops_ring,
          hellmonk_ecumenical_altar_watching_god, minmay_bisected
D:2:      layout_basic, uniq_natasha, uniq_terence
D:3:      layout_rooms, nicolae_uskayaw_dance_hall
D:4:      layout_cave_pools, lightli_temple_of_fire,
          mainiacjoe_overflow_alcove_3, minmay_temple_entry_crystal_x,
          gup_sewer_entry_glass, minmay_crossroads
D:5:      layout_basic, minmay_shop_damaged, minmay_misc_feat_room,
          uniq_prince_ribbit1, uniq_eustachio
D:6:      layout_basic, lightli_ossuary_entry_decrepit_ruins, uniq_duvessa
D:7:      layout_rooms, nicolae_wu_jian_wuxing_cycle, kiku_gazebo_garden_becter,
          zin_statuary, uniq_maggie
D:8:      layout_basic, serial_shops, shop_coins, grunt_tough_drop
D:9:      layout_basic
D:10:     layout_loops_corners, hangedman_ru_absence, hiddenorc1_lemuel,
          minmay_rotating_lava
D:11:     layout_layer_cave, david_lair_shrubbed, uniq_erolcha
D:12:     layout_cave_pods, kennysheep_generic_room_10
D:13:     layout_roguey, skrybe_vaults_entry_preservation
D:14:     dreamdust_under_siege, layout_layer_cave, chequers_jeans, tgw_fedhas
D:15:     gammafunk_enter_depths_forms, layout_long_grid,
          minmay_misc_feat_ornament
Temple:   nicolae_temple_slightly_damp_pantheon
Lair:1:   layout_regular_city
Lair:2:   beast_lair_carwin_large_4, layout_gridlike, gauntlet_entry_generic,
          patterned_corridor, lemuel_fruit_tree
Lair:3:   layout_loops_ring, minmay_shoals_entry_centaurs,
          nicolae_spider_entry_tight_spaces, grunt_megastairs_1
Lair:4:   layout_gridlike, minmay_slime_entry_eyes, grunt_megastairs_4,
          uniq_sonja
Lair:5:   evilmike_catoblepas_cave, layout_cave_pods, basic_altar, st_stairs_9,
          serial_bayou_shore_b, serial_bayou_shore_b
Shoals:1: layout_shoals, nicolae_shoals_aquamancer_cove
Shoals:2: layout_shoals, uniq_louise
Shoals:3: layout_shoals, uniq_kirke
Shoals:4: shoals_end_hangedman, layout_shoals, serial_shops,
          nicolae_shop_hallway_plus, nicolae_shoals_hunting_party, uniq_donald,
          uniq_mara
Spider:1: layout_spider_delve, portal_ice_cave_entry_frozen_things
Spider:2: gammafunk_sealed_arena
Spider:3: layout_spider_delve
Spider:4: spider_rune_water, nicolae_looking_at_the_future
Orc:1:    layout_diamond_mine, bloody_makhleb, uniq_snorg
Orc:2:    st_orc_open, layout_caves, monkooky_shop_alliterative, uniq_azrael
Elf:1:    layout_loops_ring, kennysheep_underground_church, grunt_ministairs_1,
          pf_eden

Skill      XL: |  1  2  3  4  5  6  7  8  9 10 11 12 13 14 15 16 17 |
---------------+----------------------------------------------------+-----
Spellcasting   | 2 3 4 5 6 7 8 9 10 11 | 11.3
Earth Magic    | 3 4 5 7 8 9 10 11 | 11.8
Conjurations   | 1 2 3 4 6 7 8 9 10 11 12 13 | 13.2
Fighting       | 1 4 5 7 8 9 10 11 | 11.0
Staves         | 1 4 5 6 |  6.2
Dodging        | 2 4 6 |  6.5
Evocations     | 3 |  3.7
Axes           | 3 5 7 8 10 | 10.1
Summonings     | 4 7 8 9 |  9.3
Shields        | 3 5 11 | 11.3
Armour         | 6 7 |  7.9
Ice Magic      | 3 |  3.0
Air Magic      | 3 |  3.0
Stealth        | |  1.7
Transmutations | |  0.8

Action                     |  1- 3 |  4- 6 |  7- 9 | 10-12 | 13-15 | 16-18 || total
---------------------------+-------+-------+-------+-------+-------+-------++-------
  Melee: Unarmed           |     4 |       |       |       |       |       ||     4
         Whip              |    32 |       |       |       |       |       ||    32
         Long sword        |     6 |    60 |    18 |       |       |       ||    84
         Punch             |       |     1 |       |       |       |       ||     1
         Lajatang          |       |       |    64 |    59 |       |       ||   123
         Broad axe         |       |       |       |    44 |   410 |   553 ||  1007
   Cast: Sandblast         |    60 |    95 |   113 |   112 |    67 |    48 ||   495
         Stone Arrow       |     2 |    10 |    67 |   121 |   137 |    70 ||   407
         Brom's Barrelling |       |       |    42 |   154 |   250 |   114 ||   560
         Blink             |       |       |       |     4 |       |       ||     4
         Freezing Cloud    |       |       |       |    13 |    86 |   140 ||   239
         Bombard           |       |       |       |       |   100 |    84 ||   184
         Spellforged Servi |       |       |       |       |       |     5 ||     5
  Evoke: Wand              |       |       |       |     1 |     1 |     9 ||    11
         Sack of spiders   |       |       |       |       |       |     2 ||     2
    Use: Scroll            |       |     3 |    22 |     3 |     5 |    13 ||    46
         Potion            |       |       |     4 |     3 |       |    12 ||    19
   Stab: Sleeping          |       |     1 |       |       |     3 |       ||     4
         Distracted        |       |       |     1 |       |       |     1 ||     2
 Armour: Robe              |    40 |    54 |    96 |   212 |   252 |    13 ||   667
         Scale mail        |       |       |       |       |   217 |   818 ||  1035
         Leather armour    |       |       |       |       |       |    15 ||    15
  Dodge: Dodged            |    36 |   110 |   209 |   265 |   563 |   598 ||  1781
  Block: Buckler           |       |       |       |       |   136 |    58 ||   194
         Kite shield       |       |       |       |       |       |   404 ||   404
         Reflection        |       |       |       |       |       |     4 ||     4

Table legend: (Time is in decaauts)
 A = Elapsed time spent in this place.
 B = Non-inter-level travel time spent in this place.
 C = Inter-level travel time spent in this place.
 D = Time resting spent in this place.
 E = Time spent auto-exploring this place.
 F = Levels seen in this place.
 G = Mean time per level.
                   A        B        C        D        E       F      G
               +--------+--------+--------+--------+--------+-----+--------+
         Total |  51462 |  48307 |   3155 |  15061 |  23172 |  35 | 1470.3 |
       Dungeon |  19541 |  18772 |    769 |   3199 |  12187 |  15 | 1302.7 |
        Temple |      1 |      1 |      0 |      0 |      0 |   1 |    1.0 |
          Lair |   9627 |   8636 |    991 |   2333 |   4487 |   5 | 1925.4 |
        Shoals |   9140 |   8493 |    647 |   4539 |   1999 |   4 | 2285.0 |
   Spider Nest |   7705 |   7144 |    561 |   3220 |   2407 |   4 | 1926.2 |
  Orcish Mines |   2615 |   2431 |    184 |   1155 |    613 |   2 | 1307.5 |
   Elven Halls |     97 |     97 |      0 |      0 |     30 |   1 |   97.0 |
         Sewer |    607 |    607 |      0 |    113 |    302 |   1 |  607.0 |
       Ossuary |   1339 |   1339 |      0 |     98 |   1048 |   1 | 1339.0 |
      Gauntlet |    786 |    786 |      0 |    403 |     97 |   1 |  786.0 |
               +--------+--------+--------+--------+--------+-----+--------+

Top non-repeatable levels by time:
Shoals:3: 3812 daAuts
  Lair:1: 2505 daAuts
Shoals:4: 2491 daAuts
Spider:4: 2468 daAuts
  Lair:5: 2156 daAuts
    D:10: 2044 daAuts
  Lair:2: 1899 daAuts
Spider:2: 1857 daAuts
    D:14: 1834 daAuts
Spider:1: 1757 daAuts
Shoals:1: 1741 daAuts
Spider:3: 1622 daAuts
    D:11: 1569 daAuts
    D:15: 1562 daAuts
  Lair:3: 1544 daAuts
